TOP OF THE 1ST |
Elkins Sting Rays batting - Pitching for San Francisco Macho Men : RHP Júlio González
|
Pitching: RHP Júlio González
|
|
Batting: LHB Jesús Miranda
|
0-0: Ball 1-0: Ball 2-0: Called Strike 2-1: Ball 3-1: Base on Balls
|
Batting: LHB Dax Valdéz
|
0-0: Ball 1-0: Swinging Strike 1-1: SINGLE (Groundball, 4D) Jesús Miranda to second Runner from 2nd tries for 3rd, SAFE, throw made to third
|
Now in CF: Manny Suárez
|
|
Batting: RHB Emery Cooper
|
0-0: Called Strike 0-1: Ball 1-1: Ball 2-1: Called Strike 2-2: Strikes out swinging
|
Batting: LHB Bruce Shelton
|
0-0: Called Strike 0-1: Foul Ball, location: 2F 0-2: DOUBLE (Line Drive, 9LD) Jesús Miranda scores Dax Valdéz to third Runner from 3rd tries for Home, SAFE, no throw
|
Batting: RHB Tulu Mbita
|
0-0: Ground out 6-3 (Groundball, 6) Bruce Shelton to third
|
Batting: RHB Félix Chávez
|
0-0: Foul Ball, location: 2F 0-1: Ground out 4-3 (Groundball, 4)
|
Top of the 1st over - 2 runs, 2 hits, 0 errors, 1 left on base; Elkins 2 - San Francisco 0 |
BOTTOM OF THE 1ST |
San Francisco Macho Men batting - Pitching for Elkins Sting Rays : RHP Frank Simmons
|
Pitching: RHP Frank Simmons
|
|
Batting: RHB Jason Carr
|
0-0: Ball 1-0: Fly out, F3 (Popup, 3F)
|
Batting: RHB Roberto Arce
|
0-0: Ball 1-0: Foul Ball, location: 2F 1-1: Foul Ball, location: 2F 1-2: Ball 2-2: Foul Ball, location: 2F 2-2: Strikes out looking
|
Batting: RHB Manny Suárez
|
0-0: Foul Ball, location: 2F 0-1: Ball 1-1: Hit by Pitch
|
Batting: SHB Brian Fish
|
0-0: Called Strike 0-1: Ball 1-1: Fly out, F8 (Line Drive, 8LD)
|
Bottom of the 1st over - 0 runs, 0 hits, 0 errors, 1 left on base; Elkins 2 - San Francisco 0 |
TOP OF THE 2ND |
Elkins Sting Rays batting - Pitching for San Francisco Macho Men : RHP Júlio González
|
Batting: RHB César López
|
0-0: Ground out 6-3 (Groundball, 6)
|
Batting: RHB Greg Brown
|
0-0: Foul Ball, location: 2F 0-1: Ball 1-1: Foul Ball, location: 2F 1-2: Ball 2-2: Ball 3-2: Fly out, F8 (Flyball, 78M)
|
Batting: LHB Rafael Carrión
|
0-0: Called Strike 0-1: Foul Ball, location: 2F 0-2: Ground out 6-3 (Groundball, 6)
|
Top of the 2nd over - 0 runs, 0 hits, 0 errors, 0 left on base; Elkins 2 - San Francisco 0 |
BOTTOM OF THE 2ND |
San Francisco Macho Men batting - Pitching for Elkins Sting Rays : RHP Frank Simmons
|
Batting: RHB Bob Jones
|
0-0: Called Strike 0-1: Ball 1-1: Called Strike 1-2: Foul Ball, location: 2F 1-2: Strikes out swinging
|
Batting: LHB Alan Jones
|
0-0: Called Strike 0-1: SINGLE (Groundball, 34D)
|
Batting: RHB Gerardo Gallegos
|
0-0: Hit by Pitch Alan Jones to second
|
Batting: RHB Jesús Pérez
|
0-0: Called Strike 0-1: Fly out, F9 (Flyball, 9LMF)
|
Batting: RHB Félix López
|
0-0: Called Strike 0-1: Fly out, F7 (Line Drive, 7S)
|
Bottom of the 2nd over - 0 runs, 1 hit, 0 errors, 2 left on base; Elkins 2 - San Francisco 0 |
TOP OF THE 3RD |
Elkins Sting Rays batting - Pitching for San Francisco Macho Men : RHP Júlio González
|
Batting: LHB Jesús Miranda
|
0-0: Fly out, F2 (Popup, 2LF)
|
Batting: LHB Dax Valdéz
|
0-0: Ball 1-0: Ball 2-0: Foul Ball, location: 2F 2-1: Called Strike 2-2: Ball 3-2: Ground out 1-3 (Groundball, 13)
|
Batting: RHB Emery Cooper
|
0-0: Called Strike 0-1: Foul Ball, location: 2F 0-2: Foul Ball, location: 2F 0-2: Ball 1-2: Ground out 4-3 (Groundball, 4)
|
Top of the 3rd over - 0 runs, 0 hits, 0 errors, 0 left on base; Elkins 2 - San Francisco 0 |
BOTTOM OF THE 3RD |
San Francisco Macho Men batting - Pitching for Elkins Sting Rays : RHP Frank Simmons
|
Batting: RHB Jason Carr
|
0-0: SINGLE (Groundball, 6D)
|
Batting: RHB Roberto Arce
|
0-0: Ball 1-0: Called Strike Jason Carr steals 2nd base 1-1: Foul Ball, location: 2F 1-2: Ball 2-2: Foul Ball, location: 2F 2-2: Ball 3-2: Ground out 6-3 (Groundball, 6) Jason Carr to third
|
Batting: RHB Manny Suárez
|
0-0: Ball 1-0: Foul Ball, location: 2F 1-1: Fly out, F7 (Flyball, 7D) Runner from 3rd tags up, SCORES, throw made
|
Batting: SHB Brian Fish
|
0-0: Called Strike 0-1: Swinging Strike 0-2: Strikes out swinging
|
Bottom of the 3rd over - 1 run, 1 hit, 0 errors, 0 left on base; Elkins 2 - San Francisco 1 |
TOP OF THE 4TH |
Elkins Sting Rays batting - Pitching for San Francisco Macho Men : RHP Júlio González
|
Batting: LHB Bruce Shelton
|
0-0: Ground out 6-3 (Groundball, 6)
|
Batting: RHB Tulu Mbita
|
0-0: Ball 1-0: Called Strike 1-1: Fly out, F6 (Line Drive, 6)
|
Batting: RHB Félix Chávez
|
0-0: Foul Ball, location: 2F 0-1: Ground out U3 (Groundball, 3S)
|
Top of the 4th over - 0 runs, 0 hits, 0 errors, 0 left on base; Elkins 2 - San Francisco 1 |
BOTTOM OF THE 4TH |
San Francisco Macho Men batting - Pitching for Elkins Sting Rays : RHP Frank Simmons
|
Batting: RHB Bob Jones
|
0-0: Ball 1-0: Swinging Strike 1-1: Swinging Strike 1-2: Strikes out swinging
|
Batting: LHB Alan Jones
|
0-0: Ball 1-0: Ball 2-0: Foul Ball, location: 2F 2-1: Foul Ball, location: 2F 2-2: Fly out, F8 (Flyball, 8LS)
|
Batting: RHB Gerardo Gallegos
|
0-0: Called Strike 0-1: Ball 1-1: SOLO HOME RUN (Flyball, 7LD), Distance : 335 ft
|
Batting: RHB Jesús Pérez
|
0-0: Fly out, F8 (Line Drive, 78XD)
|
Bottom of the 4th over - 1 run, 1 hit, 0 errors, 0 left on base; Elkins 2 - San Francisco 2 |
TOP OF THE 5TH |
Elkins Sting Rays batting - Pitching for San Francisco Macho Men : RHP Júlio González
|
Batting: RHB César López
|
0-0: Swinging Strike 0-1: SINGLE (Groundball, 25) (infield hit)
|
Batting: RHB Greg Brown
|
0-0: Ball 1-0: Called Strike 1-1: Foul Ball, location: 2F 1-2: Foul Ball, location: 2F 1-2: Ball 2-2: Foul Ball, location: 2F 2-2: DOUBLE (Line Drive, 89D) César López to third Runner from 3rd tries for Home, SAFE, no throw
|
Batting: LHB Rafael Carrión
|
0-0: DOUBLE (Groundball, 3L) Greg Brown scores
|
Batting: LHB Jesús Miranda
|
0-0: Ball 1-0: DOUBLE (Groundball, 3L) Rafael Carrión scores
|
Batting: LHB Dax Valdéz
|
0-0: Ball 1-0: Foul Ball, location: 2F 1-1: Ball 2-1: SINGLE (Line Drive, 4D) Jesús Miranda to third Runner from 3rd tries for Home, SAFE, no throw
|
Batting: RHB Emery Cooper
|
0-0: Ball 1-0: Grounds into double play, 4-6-3 (Groundball, 4M)
|
Batting: LHB Bruce Shelton
|
0-0: Foul Ball, location: 2F 0-1: Called Strike 0-2: Ball 1-2: Fly out, F7 (Line Drive, 7)
|
Top of the 5th over - 4 runs, 5 hits, 0 errors, 0 left on base; Elkins 6 - San Francisco 2 |
BOTTOM OF THE 5TH |
San Francisco Macho Men batting - Pitching for Elkins Sting Rays : RHP Frank Simmons
|
Batting: RHB Félix López
|
0-0: Ball 1-0: Swinging Strike 1-1: Ball 2-1: Swinging Strike 2-2: Foul Ball, location: 2F 2-2: Strikes out swinging
|
Batting: RHB Jason Carr
|
0-0: Ball 1-0: Called Strike 1-1: Ball 2-1: Swinging Strike 2-2: Foul Ball, location: 2F 2-2: Foul Ball, location: 2F 2-2: Foul Ball, location: 2F 2-2: Foul Ball, location: 2F 2-2: Strikes out looking
|
Batting: RHB Roberto Arce
|
0-0: Called Strike 0-1: Ball 1-1: Ball 2-1: Foul Ball, location: 2F 2-2: Ball 3-2: Strikes out looking
|
Bottom of the 5th over - 0 runs, 0 hits, 0 errors, 0 left on base; Elkins 6 - San Francisco 2 |
TOP OF THE 6TH |
Elkins Sting Rays batting - Pitching for San Francisco Macho Men : RHP Júlio González
|
Batting: RHB Tulu Mbita
|
0-0: Ball 1-0: Ball 2-0: Called Strike 2-1: Foul Ball, location: 2F 2-2: DOUBLE (Flyball, 89D)
|
Batting: RHB Félix Chávez
|
0-0: Ball 1-0: Swinging Strike 1-1: Ball 2-1: Ball 3-1: Foul Ball, location: 2F 3-2: Foul Ball, location: 2F 3-2: SINGLE (Groundball, 4D) Tulu Mbita to third
|
Batting: RHB César López
|
0-0: Ball 1-0: Foul Ball, location: 2F 1-1: DOUBLE (Line Drive, 8LD) Tulu Mbita scores Félix Chávez to third
|
Batting: RHB Greg Brown
|
0-0: Called Strike 0-1: Ball 1-1: Ball 2-1: Ball 3-1: Ground out 1-3 (Groundball, 13)
|
Batting: LHB Rafael Carrión
|
0-0: Called Strike 0-1: Ball 1-1: SINGLE (Line Drive, 8RS) Félix Chávez scores César López to third Runner from 3rd tries for Home, SAFE, no throw
|
Pitching: RHP Abdu Tabari
|
|
Batting: LHB Jesús Miranda
|
0-0: Called Strike 0-1: Fly out, F7 (Flyball, 7S)
|
Batting: LHB Dax Valdéz
|
0-0: Ball 1-0: Swinging Strike 1-1: Ball 2-1: Foul Ball, location: 2F 2-2: Fly out, F6 (Line Drive, 6)
|
Top of the 6th over - 3 runs, 4 hits, 0 errors, 1 left on base; Elkins 9 - San Francisco 2 |
BOTTOM OF THE 6TH |
San Francisco Macho Men batting - Pitching for Elkins Sting Rays : RHP Frank Simmons
|
Batting: RHB Manny Suárez
|
0-0: Called Strike 0-1: Ball 1-1: Ground out U3 (Groundball, 34)
|
Batting: SHB Brian Fish
|
0-0: Called Strike 0-1: Foul Ball, location: 2F 0-2: Strikes out swinging
|
Batting: RHB Bob Jones
|
0-0: Swinging Strike 0-1: Foul Ball, location: 2F 0-2: Foul Ball, location: 2F 0-2: Ball 1-2: Ball 2-2: Foul Ball, location: 2F 2-2: SOLO HOME RUN (Flyball, 89XD), Distance : 402 ft
|
Batting: LHB Alan Jones
|
0-0: Swinging Strike 0-1: SOLO HOME RUN (Flyball, 8RXD), Distance : 425 ft
|
Pitching: LHP Phil Peterson
|
|
Batting: RHB Gerardo Gallegos
|
0-0: Ball 1-0: Called Strike 1-1: Fly out, F7 (Flyball, 7S)
|
Bottom of the 6th over - 2 runs, 2 hits, 0 errors, 0 left on base; Elkins 9 - San Francisco 4 |
TOP OF THE 7TH |
Elkins Sting Rays batting - Pitching for San Francisco Macho Men : RHP Abdu Tabari
|
Batting: RHB Emery Cooper
|
0-0: Fly out, F8 (Flyball, 8RM)
|
Batting: LHB Bruce Shelton
|
0-0: Called Strike 0-1: Foul Ball, location: 2F 0-2: Ball 1-2: Foul Ball, location: 2F 1-2: Ball 2-2: Ground out 6-3 (Groundball, 6)
|
Batting: RHB Tulu Mbita
|
0-0: Ball 1-0: Foul Ball, location: 2F 1-1: Swinging Strike 1-2: Ball 2-2: Ground out 5-3 (Groundball, 5S)
|
Top of the 7th over - 0 runs, 0 hits, 0 errors, 0 left on base; Elkins 9 - San Francisco 4 |
BOTTOM OF THE 7TH |
San Francisco Macho Men batting - Pitching for Elkins Sting Rays : LHP Phil Peterson
|
Batting: RHB Jesús Pérez
|
0-0: Called Strike 0-1: Called Strike 0-2: Ball 1-2: Foul Ball, location: 2F 1-2: Fly out, F8 (Flyball, 8LD)
|
Batting: RHB Félix López
|
0-0: Ball 1-0: Swinging Strike 1-1: Fly out, F9 (Line Drive, 9LM)
|
Batting: RHB Jason Carr
|
0-0: Ball 1-0: Foul Ball, location: 2F 1-1: Ball 2-1: Foul Ball, location: 2F 2-2: SINGLE (Groundball, 25) (infield hit)
|
Batting: RHB Roberto Arce
|
0-0: Ball 1-0: Ball 2-0: Called Strike 2-1: Ball 3-1: Swinging Strike 3-2: Foul Ball, location: 2F 3-2: SINGLE (Line Drive, 6M) Jason Carr to second Jason Carr to third
|
Batting: RHB Manny Suárez
|
0-0: Foul Ball, location: 2F 0-1: Ball 1-1: Swinging Strike 1-2: Strikes out swinging
|
Bottom of the 7th over - 0 runs, 2 hits, 0 errors, 2 left on base; Elkins 9 - San Francisco 4 |
TOP OF THE 8TH |
Elkins Sting Rays batting - Pitching for San Francisco Macho Men : RHP Abdu Tabari
|
Batting: RHB Félix Chávez
|
0-0: SINGLE (Line Drive, 6MD)
|
Batting: RHB César López
|
0-0: Called Strike 0-1: Foul Ball, location: 2F 0-2: SINGLE (Groundball, 34D) Félix Chávez to second Runner from 2nd tries for 3rd, SAFE, no throw
|
Batting: RHB Greg Brown
|
0-0: Ball 1-0: Ball 2-0: Ball 3-0: Called Strike 3-1: Called Strike 3-2: Foul Ball, location: 2F 3-2: Foul Ball, location: 2F 3-2: Foul Ball, location: 2F 3-2: Fly out, F9 (Flyball, 9S)
|
Batting: LHB Rafael Carrión
|
0-0: Ball César López is caught stealing 2nd base 1-0: Ground out 5-3 (Groundball, 56D)
|
Top of the 8th over - 0 runs, 2 hits, 0 errors, 1 left on base; Elkins 9 - San Francisco 4 |
BOTTOM OF THE 8TH |
San Francisco Macho Men batting - Pitching for Elkins Sting Rays : LHP Phil Peterson
|
Now at C: Wayne Morgan
|
|
Batting: SHB Brian Fish
|
0-0: Ball 1-0: Ball 2-0: Fly out, F7 (Flyball, 78M)
|
Batting: RHB Bob Jones
|
0-0: Ball 1-0: Fly out, F7 (Flyball, 78M)
|
Batting: LHB Alan Jones
|
0-0: Ball 1-0: Ball 2-0: Ball 3-0: Called Strike 3-1: Base on Balls
|
Batting: RHB Gerardo Gallegos
|
0-0: Swinging Strike 0-1: Ball Balk! Alan Jones to second 1-1: Foul Ball, location: 2F 1-2: Ball 2-2: Fly out, F7 (Flyball, 78S)
|
Bottom of the 8th over - 0 runs, 0 hits, 0 errors, 1 left on base; Elkins 9 - San Francisco 4 |
TOP OF THE 9TH |
Elkins Sting Rays batting - Pitching for San Francisco Macho Men : RHP Abdu Tabari
|
Batting: LHB Jesús Miranda
|
0-0: Ground out 4-3 (Groundball, 4M)
|
Batting: LHB Dax Valdéz
|
0-0: Swinging Strike 0-1: Ball 1-1: Ball 2-1: Ball 3-1: Base on Balls
|
Batting: RHB Emery Cooper
|
0-0: Ball 1-0: Fly out, F7 (Flyball, 7)
|
Batting: LHB Bruce Shelton
|
0-0: Ball Throwing error on steal attempt, E2 Dax Valdéz to third 1-0: Ball 2-0: Called Strike 2-1: Fly out, F8 (Flyball, 78D)
|
Top of the 9th over - 0 runs, 0 hits, 1 error, 1 left on base; Elkins 9 - San Francisco 4 |
BOTTOM OF THE 9TH |
San Francisco Macho Men batting - Pitching for Elkins Sting Rays : LHP Phil Peterson
|
Batting: RHB Jesús Pérez
|
0-0: Ball 1-0: Called Strike 1-1: Ball 2-1: Ball 3-1: Base on Balls
|
Batting: RHB Félix López
|
0-0: SINGLE (Flyball, 7LS) Jesús Pérez to second
|
Batting: RHB Jason Carr
|
0-0: Called Strike 0-1: Ball 1-1: Swinging Strike 1-2: Ball 2-2: Foul Ball, location: 2F 2-2: Ball 3-2: Base on Balls Jesús Pérez to third Félix López to second
|
Batting: RHB Roberto Arce
|
0-0: Ball 1-0: Ball 2-0: Foul Ball, location: 2F 2-1: Ball 3-1: Called Strike 3-2: Foul Ball, location: 2F 3-2: Fly out, F5 (Line Drive, 56)
|
Pitching: RHP Micheal Farr
|
|
Batting: RHB Manny Suárez
|
0-0: Ball 1-0: Fly out, F8 (Flyball, 8RS) Runner from 3rd tags up, SCORES, no throw
|
Batting: SHB Brian Fish
|
0-0: Ball 1-0: SINGLE (Groundball, 3D) Félix López to third Jason Carr to second
|
Batting: RHB Bob Jones
|
0-0: Foul Ball, location: 2F 0-1: SINGLE (Line Drive, 5) Félix López scores Jason Carr to third Brian Fish to second
|
Batting: LHB Alan Jones
|
0-0: Swinging Strike 0-1: Ball 1-1: Called Strike 1-2: Foul Ball, location: 2F 1-2: Ball 2-2: Foul Ball, location: 2F 2-2: SINGLE (Groundball, 4S) (infield hit) Jason Carr scores Brian Fish to third Bob Jones to second
|
Batting: RHB Gerardo Gallegos
|
0-0: Called Strike 0-1: Foul Ball, location: 2F 0-2: Ball 1-2: Fielders Choice at 2nd, 5-4 (Groundball, 56)
|
Bottom of the 9th over - 3 runs, 4 hits, 0 errors, 3 left on base; Elkins 9 - San Francisco 7 |
|